 Dungeon Crawl Stone Soup version 0.19-a0-1183-gcd7e582 (webtiles) character file.

54 Ordine the Insei (level 3, -3/26 HPs)
             Began as an Octopode Monk on Aug 17, 2016.
             Slain by a gnoll
             ... wielding a +0 spear
              (4 damage)
             ... on level 2 of the Dungeon.
             The game lasted 00:04:28 (1247 turns).

Ordine the Insei (Octopode Monk)                    Turns: 1247, Time: 00:04:29

Health: -3/26      AC:  1    Str: 10    XL:     3   Next: 91%
Magic:  3/3        EV: 14    Int: 13    God:
Gold:   70         SH:  0    Dex: 14    Spells: 0 memorised, 2 levels left

rFire  . . .     SeeInvis .       - Unarmed
rCold  . . .     Gourm    .     (no shield)
rNeg   + . .     Faith    .     (helmet restricted)
rPois  .         Spirit   .     (no amulet)
rElec  .         Dismiss  .     f - ring of positive energy
rCorr  .         Reflect  .     (no ring)
MR     .....     Harm     .     (no ring)
Stlth  ++++......               (no ring)
                                (no ring)
                                (no ring)
                                (no ring)
                                (no ring)

@: no status effects
A: almost no armour, amphibious, 8 rings, constrict 8, camouflage 1, gelatinous
body 1
a: no special abilities


You were on level 2 of the Dungeon.
You were not hungry.

You visited 1 branch of the dungeon, and saw 2 of its levels.

You collected 70 gold pieces.

Inventory:

Missiles
 c - 8 poisoned needles
 j - 40 stones (quivered)
Jewellery
 d - an uncursed amulet of dismissal
 f - a ring of positive energy (left tentacle)
Potions
 e - a potion of ambrosia {unknown}
 k - a potion of lignification {unknown}
Comestibles
 a - a bread ration
 g - 3 chunks of flesh


   Skills:
 + Level 3.6 Fighting
 - Level 3.0 Dodging
 + Level 3.5 Stealth
 * Level 3.8 Unarmed Combat


You had 2 spell levels left.
You didn't know any spells.

Dungeon Overview and Level Annotations

Branches:
Dungeon (2/15)

Altars:


Innate Abilities, Weirdness & Mutations

You cannot wear most types of armour.
You are amphibious.
You can wear up to eight rings at the same time.
You can use your tentacles to constrict eight enemies at once.
Your skin changes colour to match your surroundings (Stealth+).
Your rubbery body absorbs attacks. (AC +1, EV +1)


Message History

You finish eating.
This raw flesh tastes terrible.
A gnoll is nearby!
You barely miss the gnoll. You grab the gnoll. You tentacle-slap the gnoll.
You squeeze the gnoll.
The gnoll is severely wounded.
You constrict the gnoll. The gnoll hits you with a club!
You tentacle-slap the gnoll but do no damage.
You tentacle-slap the gnoll.
You kill the gnoll!
You see here a club.
The gnoll closely misses you.
A dart slug comes into view.
You tentacle-slap the gnoll. Your grab misses the gnoll.
You squeeze the gnoll, but do no damage.
The gnoll is lightly wounded.
The gnoll hits you with a spear!
* * * LOW HITPOINT WARNING * * *
It was a potion of magic.
Magic courses through your body. The gnoll hits you with a spear.
You die...

##<..##...##
##.........(##
#............#
#............#
#.........w..#
#########..........####
.......................
##############g.######
#.@).# #.##.####
#.##)#.. #.##.#(#
#.##.#.## ..
#.##....##...
#.##.).......
####.#..........
#...............


You could see a gnoll and a dart slug.

Vanquished Creatures
  3 gnolls
  A dart slug (D:1)
  A giant gecko (D:1)
  A giant cockroach (D:1)
  5 goblins
  2 hobgoblins (D:1)
  3 jackals (D:1)
  2 kobolds (D:1)
  2 giant newts (D:1)
  2 rats (D:1)
22 creatures vanquished.

Notes
Turn   | Place    | Note
-------+----------+-------------------------------------------
     0 | D:1      | Ordine the Octopode Monk began the quest for the Orb.
     0 | D:1      | Reached XP level 1. HP: 16/16 MP: 1/1
    45 | D:1      | Reached XP level 2. HP: 6/21 MP: 2/2
   927 | D:1      | Reached XP level 3. HP: 19/26 MP: 3/3
  1246 | D:2      | HP: 1/26 [gnoll/spear (9)]
  1247 | D:2      | Slain by a gnoll

Vault maps used:
D:1:      tarquinn_simple_flora_water_c
D:2:      lemuel_crystal_altar, marbit_many_paths, eino_tiny_chamber,
          kennysheep_okawaru_gauntlet

Skill      XL: |  1  2 |
---------------+-------+-----
Stealth        | 3 |  3.5
Fighting       | |  3.6
Dodging        | |  3.0
Unarmed Combat | |  3.8

Action                   || total
-------------------------++-------
Melee: Unarmed           ||    63
       Constrict         ||    17
       Tentacles         ||    13
       Punch             ||     3
Throw: Stone             ||     2
  Use: Scroll            ||     4
       Potion            ||     1
 Stab: Sleeping          ||     4
  Eat: Chunk             ||     1
Armor: Skin              ||     1
Dodge: Dodged            ||    31
